 Dungeon Crawl Stone Soup version 0.28-b1-70-g80dc712255 (webtiles) character file.

Game seed: 16290563758985031851

311 crazypyro the Chopper (level 6, -1/47 HPs)
             Began as a Demonspawn Fighter on Feb 3, 2022.
             Was an Initiate of Okawaru.
             Killed by divine providence
             ... invoked by an orc priest
              (16 damage)
             ... on level 4 of the Dungeon.
             The game lasted 00:02:50 (3263 turns).

crazypyro the Chopper (Demonspawn Fighter)          Turns: 3263, Time: 00:02:51

Health: -1/47      AC:  7    Str: 18    XL:     6   Next: 18%
Magic:  6/6        EV:  5    Int: 10    God:    Okawaru [......]
Gold:   144        SH: 14    Dex: 12    Spells: 5/5 levels left

rFire   . . .      SeeInvis .   a - +0 war axe
rCold   + . .      Faith    .   h - +2 tower shield
rNeg    . . .      Spirit   .   b - +0 scale mail
rPois   .          Reflect  .   (helmet restricted)
rElec   .          Harm     .   l - +0 cloak
rCorr   .          Rampage  .   (no gloves)
Will    .....                   (no boots)
Stlth   ..........              m - amulet of the acrobat
HPRegen 0.15/turn               n - ring of protection from cold
MPRegen 0.20/turn               (no ring)

@: no status effects
A: antennae 1, magic regeneration, weakness stinger 1
a: Renounce Religion


You were on level 4 of the Dungeon.
You worshipped Okawaru.
Okawaru was noncommittal.
You visited 2 branches of the dungeon, and saw 5 of its levels.

You collected 144 gold pieces.

Inventory:

Hand Weapons
 a - a +0 war axe (weapon)
Armour
 b - a +0 scale mail (worn)
 c - a +0 buckler
 h - a +2 tower shield (worn)
 l - a +0 cloak (worn)
Jewellery
 m - an amulet of the acrobat (around neck)
 n - a ring of protection from cold (left hand)
 o - a ring of fire
Scrolls
 f - 2 scrolls of identify {unknown}
 j - a scroll of torment {unknown}
 p - a scroll of vulnerability {unknown}
 q - a scroll of immolation {unknown}
Potions
 d - a potion of might
 e - 2 potions of curing
 g - 2 potions of haste {unknown}
 i - 2 potions of attraction {unknown}
 k - a potion of invisibility {unknown}
 r - a potion of flight {unknown}


   Skills:
 - Level 3.0 Fighting
 * Level 5.2 Axes
 - Level 2.7 Armour
 + Level 3.8 Shields


You had 5 spell levels left.
You didn't know any spells.
Your spell library contained the following spells:

 Spells                   Type           Power      Damage    Failure   Level
 Freeze                   Ice            0%         1d3       100%        1
 Frozen Ramparts          Ice            0%         1d2       100%        3
 Ozocubu's Armour         Ice            0%         N/A       100%        3
 Stone Arrow              Conj/Erth      0%         3d7       100%        3
 Hailstorm                Conj/Ice       0%         3d3       100%        4
 Freezing Cloud           Conj/Ice/Air   0%         6-21      100%        5
 Ozocubu's Refrigeration  Ice            0%         4d5       100%        7
 Lehudib's Crystal Spear  Conj/Erth      0%         10d2      100%        8
 Polar Vortex             Ice            0%         N/A       100%        9
 Animate Armour           Summ/Erth      Unusable   N/A       N/A         4
 Simulacrum               Ice/Necr       Unusable   N/A       N/A         6

Dungeon Overview and Level Annotations

Branches:
Dungeon (4/15)             Temple (1/1) D:4

Altars:
Elyvilon
Fedhas
Gozag
Makhleb
Okawaru
Trog
Uskayaw
Wu Jian
The Shining One


Innate Abilities, Weirdness & Mutations

You have a pair of small antennae on your head.
You regenerate magic rapidly.
You have a small tail.


Message History

You barely miss the orc.
Your tail-slap misses the orc.
The orc is moderately wounded.
A gnoll comes into view. It is wielding a +0 flail.
The orc barely misses you.
The orc priest looks braver for a moment.
The gnoll shouts!
You hit the orc but do no damage. You tail-slap the orc.
The orc is almost dead.
You hit the gnoll. The gnoll completely misses you.
The orc priest calls down the wrath of Beogh upon you.
Beogh smites you! The orc hits you with a +0 club.
You block the gnoll's attack.
You closely miss the orc.
The orc is almost dead.
You slash the gnoll!
You hit the orc priest but do no damage.
You block the gnoll's attack. You block the orc's attack.
The orc priest calls down the wrath of Beogh upon you.
Pain shoots through your body! You block the ball python's attack.
The ball python barely misses you. You block the orc's attack.
The gnoll hits you with a +0 flail!
The orc priest mumbles some strange prayers to Beogh against you.
Beogh smites you!
You slash the orc priest!
Your tail-slap misses the orc priest.
The orc priest is heavily wounded.
You barely miss the gnoll. You hit the orc.
You kill the orc!
Okawaru accepts your kill.
You hit the ball python.
You kill the ball python!
Okawaru accepts your kill.
A gnoll comes into view. It is wielding a +0 flail.
You block the gnoll's attack. You block the orc priest's attack.
You barely miss the orc priest.
You tail-slap the orc priest, but do no damage.
The orc priest is heavily wounded.
You hit the gnoll but do no damage.
The orc priest mumbles some strange prayers to Beogh against you.
Beogh smites you!
You die...

...........#.##.######
...#####.#.##.#
##.#####.#.##.#
#........#)##.#
#..#######.#..#
##...## ##.#.##
#.....# #....######
#..†..#....#.......#
#..g@.#.##...#####.#
##..o## ##.## #.g## #.
#.g# #. ... .. .#.. ##
..#.. ## #..


You could see an orc priest and 3 gnolls.

Vanquished Creatures
  A centaur (D:4)
  A vampire bat (D:3)
  Natasha (D:4)
  A gnoll (D:1)
  An adder (D:2)
  A dart slug (D:2)
  3 fire bats (D:3)
  2 orcs
  2 spectral bats (D:3)
  3 bat skeletons (D:3)
  A bat zombie (D:3)
  8 endoplasms
  2 giant cockroaches (D:1)
  5 goblins
  6 hobgoblins
  3 quokkas
  7 ball pythons
  17 bats
  A bat simulacrum (D:3)
  3 frilled lizards
  6 kobolds
  3 rats
78 creatures vanquished.

Notes
Turn   | Place    | Note
-------+----------+-------------------------------------------
     0 | D:1      | crazypyro the Demonspawn Fighter began the quest for the
                  | Orb.
     0 | D:1      | Reached XP level 1. HP: 18/18 MP: 1/1
   128 | D:1      | Reached skill level 2 in Axes
   129 | D:1      | Discovered your monstrous ancestry.
   129 | D:1      | Gained mutation: You have a pair of small antennae on your
                  | head. [demonic ancestry]
   129 | D:1      | Reached XP level 2. HP: 16/24 MP: 2/2
   589 | D:1      | Found a faded altar of an unknown god.
   746 | D:1      | Reached skill level 3 in Axes
   746 | D:1      | Gained mutation: You regenerate magic rapidly. [demonic
                  | ancestry]
   746 | D:1      | Reached XP level 3. HP: 28/29 MP: 3/3
  2223 | D:3      | Reached XP level 4. HP: 33/35 MP: 4/4
  2315 | D:3      | Reached skill level 4 in Axes
  2355 | D:3      | Gained mutation: You have a small tail. [demonic ancestry]
  2355 | D:3      | Reached XP level 5. HP: 41/41 MP: 5/5
  2771 | D:4      | Found a staircase to the Ecumenical Temple.
  2781 | D:4      | Noticed a centaur
  2784 | Temple   | Entered the Ecumenical Temple
  2834 | Temple   | Became a worshipper of Warmaster Okawaru
  2858 | D:4      | Killed a centaur
  2859 | D:4      | Reached skill level 5 in Axes
  2859 | D:4      | Reached XP level 6. HP: 16/47 MP: 6/6
  3146 | D:4      | Identified the +2 flail "Zuqeq" {antimagic, rPois Int+4}
  3197 | D:4      | Noticed Natasha
  3202 | D:4      | Killed Natasha
  3263 | D:4      | Killed from afar by an orc priest

Illustrated notes

Levels and vault maps discovered:
D:1:      eino_arrival_cavern_b, layout_loops_corners,
          shapermc_ecumenical_altar_petra
D:2:      layout_basic, basic_altar
D:3:      layout_rooms, goddamned_bats
D:4:      layout_loops_ring, minmay_temple_entry_offerings, uniq_natasha,
          uniq_blork_the_orc, uniq_edmund, uniq_menkaure,
          uniq_crazy_yiuf_cottage
Temple:   mainiacjoe_temple_coin_purse

Skill      XL: |  1  2  3  4  5 |
---------------+----------------+-----
Axes           | 2 3 4 5 |  5.2
Shields        | 3 |  3.8
Fighting       | |  3.0
Armour         | |  2.7

Action                   |  1- 3 |  4- 6 || total
-------------------------+-------+-------++-------
Melee: War axe           |   126 |    90 ||   216
       Tailslap          |       |     9 ||     9
  Use: Potion            |     1 |       ||     1
Armor: Scale mail        |    58 |    84 ||   142
Dodge: Dodged            |    54 |    43 ||    97
Block: Buckler           |    21 |       ||    21
       Tower shield      |    35 |   129 ||   164
